 Dungeon Crawl Stone Soup version 0.30-a0-242-g7bf8e6d787 (webtiles) character file.

Game seed: 12923527064258711504

1030 Nerdsrcool the Ducker (level 8, -2/55 HPs)
             Began as a White Draconian Transmuter on Oct 11, 2022.
             Was a Follower of Hepliaklqana.
             Slain by a water moccasin (8 damage)
             ... on level 5 of the Dungeon.
             The game lasted 00:47:54 (4003 turns).

Nerdsrcool the Ducker (White Draconian Transmuter)  Turns: 4003, Time: 00:47:57

Health: -2/55      AC:  9    Str: 11    XL:     8   Next: 3%
Magic:  13/13      EV: 14    Int: 14    God:    Hepliaklqana [*.....]
Gold:   233        SH:  0    Dex: 17    Spells: 8/14 levels left

rFire   . . .      SeeInvis .    j - +4 scythe (venom)
rCold   + . .      Faith    .    (shield currently unavailable)
rNeg    . . .      Spirit   .    (body armour unavailable)
rPois   .          Reflect  .    (helmet restricted)
rElec   .          Harm     .    c - +2 cloak
rCorr   .          Rampage  .    (no gloves)
Will    .....                    (no boots)
Stlth   ++........               m - amulet of the acrobat
HPRegen 0.29/turn                (no ring)
MPRegen 0.13/turn                (no ring)

@: no status effects
A: reduced essence, breathe frost, AC +6, unfitting armour, cold resistance 1,
cold-blooded, antennae 1, agile 1, deterioration 1, wild magic 1
a: Breathe Frost, Renounce Religion, Recall Ancestor, Ancestor Identity


You were on level 5 of the Dungeon.
You worshipped Hepliaklqana.
Hepliaklqana was aware of your devotion.
You visited 2 branches of the dungeon, and saw 6 of its levels.

You collected 233 gold pieces.

Inventory:

Hand Weapons
 a - the +0 shortbow of Peril {vorpal, rN+++ Dex+6}
   (You found it on level 3 of the Dungeon)

   Any ammunition fired from it inflicts extra damage upon your enemies.
   Dex:       It affects your dexterity (+6).
   rN:        It renders you almost immune to negative energy.
 g - a +1 short sword of holy wrath
 j - a +4 scythe of venom (weapon)
 s - a +3 whip of electrocution
Missiles
 b - 16 poisoned darts
 d - 59 stones
 n - 4 large rocks
 w - 3 boomerangs (quivered)
Armour
 c - a +2 cloak (worn)
 k - a +0 robe
 t - a scarf of harm
 x - a +1 helmet
Jewellery
 l - an amulet of regeneration
 m - an amulet of the acrobat (around neck)
 D - an amulet of regeneration
Wands
 u - a wand of charming (10)
Scrolls
 f - 3 scrolls of vulnerability
 h - 2 scrolls of fog
 r - 2 scrolls of immolation
 v - 2 scrolls of noise
 y - a scroll of fear
 C - a scroll of magic mapping
Potions
 e - a potion of curing
 i - 2 potions of degeneration
 p - a potion of attraction
 q - a potion of haste
 A - a potion of brilliance


   Skills:
 + Level 2.5 Fighting
 + Level 2.0 Short Blades
 + Level 1.2 Maces & Flails
 + Level 4.1 Polearms
 + Level 4.1 Dodging
 + Level 2.4 Stealth
 + Level 3.7 Unarmed Combat
 + Level 3.6 Spellcasting
 + Level 3.6 Transmutations
 + Level 0.2 Evocations


You had 8 spell levels left.
You knew the following spells:

 Your Spells              Type           Power      Damage    Failure   Level
a - Beastly Appendage     Tmut           32%        N/A       7%          1
b - Wereblood             Tmut           16%        N/A       11%         2
c - Spider Form           Tmut/Pois      9%         N/A       36%         3

Your spell library contained the following spells:

 Spells                   Type           Power      Damage    Failure   Level
 Foxfire                  Conj/Fire      12%        2x1d4     28%         1
 Kiss of Death            Conj/Necr      12%        2d6       28%         1
 Confusing Touch          Hex            3%         N/A       61%         3
 Ice Form                 Ice/Tmut       9%         N/A       75%         4
 Dispel Undead            Necr           3%         3d7       94%         4
 Fireball                 Conj/Fire      1%         3d3       100%        5
 Freezing Cloud           Conj/Ice/Air   1%         6-21      100%        5
 Simulacrum               Ice/Necr       1%         N/A       100%        6
 Starburst                Conj/Fire      1%         6d3       100%        6
 Polar Vortex             Ice            1%         N/A       100%        9


Dungeon Overview and Level Annotations

Branches:
Dungeon (5/15)             Temple (1/1) D:4

Altars:
Cheibriados
Dithmenos
Gozag
Hepliaklqana
Kikubaaqudgha
Nemelex Xobeh
Okawaru
Qazlal
Ru
Sif Muna
Trog
Uskayaw
Vehumet
Wu Jian
Xom
Yredelemnul
Zin
The Shining One


Innate Abilities, Weirdness & Mutations

Your life essence is reduced to manifest your ancestor. (-10% HP)
You can breathe waves of freezing cold which knock back foes.
Your icy white scales are hard. (AC +6)
You cannot fit into any form of body armour.
Your flesh is cold resistant. (rC+)
You are cold-blooded and may be slowed by cold attacks.
You have a pair of small antennae on your head.
You are agile. (Dex +4, Str/Int -1)
Your body sometimes deteriorates upon taking damage.
Your spells are a little harder to cast, but a little more powerful.


Message History

The water moccasin bites you but does no damage.
The water moccasin completely misses you.
You closely miss the water moccasin.
The water moccasin is lightly wounded.
Your transformation is almost over.
The water moccasin barely misses you. x2
You miss the water moccasin.
The water moccasin is lightly wounded.
The water moccasin bites you but does no damage. x2
You miss the water moccasin.
The water moccasin is lightly wounded.
The water moccasin bites you.
* * * LOW HITPOINT WARNING * * *
You puncture the water moccasin!
The water moccasin is moderately wounded.
The water moccasin bites you but does no damage. x2
You barely miss the water moccasin.
The water moccasin is moderately wounded.
The water moccasin bites you but does no damage. x2
You closely miss the water moccasin.
The water moccasin is moderately wounded.
The water moccasin bites you but does no damage. x2
You slash the water moccasin!
The water moccasin is severely wounded.
The water moccasin barely misses you.
The water moccasin bites you but does no damage.
You closely miss the water moccasin.
The water moccasin is severely wounded.
You feel less wooden.
Your +2 cloak unmelds from your body.
The water moccasin barely misses you.
You closely miss the water moccasin.
The water moccasin is severely wounded.
The water moccasin misses you. The water moccasin closely misses you.
You closely miss the water moccasin. You tail-slap the water moccasin.
The water moccasin is almost dead.
Citlalmina emerges from the mists of memory!
The water moccasin bites you.
* * * LOW HITPOINT WARNING * * *
The water moccasin bites you!
You die...

.. ....... ....
....... .......
....... .....#.##
.......
.....#..###.......
........R#........
.........)†.......
.........†@S#
............##
.............#
#......<#....#
##...##.##.##..#
.... .........#
.$. ...##..#..# ..
#####.... .# #
#... .


You could see the friendly Citlalmina the ancestor and a water moccasin (ally
target).

Vanquished Creatures
  Sigmund (D:3)
  2 black bears
  2 necrophages
  A howler monkey (D:5)
  3 hounds
  4 orc priests
  5 iguanas
  Jessica (D:2)
  Robin (D:3)
  4 adders
  An ufetubus (D:5)
  A dart slug (D:5)
  11 orcs
  11 bats
  3 endoplasms
  3 giant cockroaches
  8 hobgoblins
  2 quokkas (D:4)
  6 ball pythons
  A frilled lizard (D:1)
  15 goblins
  5 kobolds
  2 rats (D:2)
  4 bushes (D:4)
97 creatures vanquished.

Vanquished Creatures (collateral kills)
  A hound (D:5)
1 creature vanquished.

Vanquished Creatures (others)
  An ancestor (D:5)
1 creature vanquished.

Grand Total: 99 creatures vanquished

Notes
Turn   | Place    | Note
-------+----------+-------------------------------------------
     0 | D:1      | Nerdsrcool the Draconian Transmuter began the quest for the
                  | Orb.
     0 | D:1      | Reached XP level 1. HP: 16/16 MP: 3/3
   245 | D:1      | Reached XP level 2. HP: 23/23 MP: 3/5
   826 | D:2      | Noticed Jessica
   832 | D:2      | Killed Jessica
   833 | D:2      | Reached XP level 3. HP: 28/28 MP: 6/6
   851 | D:2      | Found a faded altar of an unknown god.
   876 | D:2      | Learned a level 2 spell: Wereblood
  1060 | D:2      | Reached XP level 4. HP: 35/35 MP: 5/7
  1285 | D:2      | Reached skill level 1 in Short Blades
  1301 | D:2      | Reached XP level 5. HP: 22/40 MP: 9/9
  1771 | D:3      | Found a hazy altar of Hepliaklqana.
  1793 | D:3      | Noticed Robin
  1814 | D:3      | Killed Robin
  1894 | D:3      | Gained mutation: You have hidden genetic defects. [potion
                  | of mutation]
  1916 | D:3      | Became a worshipper of Hepliaklqana the Forgotten
  1921 | D:3      | Learned a level 3 spell: Spider Form
  1931 | D:3      | Identified the +0 shortbow of Peril {vorpal, rN+++ Dex+6}
  1969 | D:3      | Noticed Sigmund
  1981 | D:3      | Killed Sigmund
  1982 | D:3      | Reached skill level 1 in Maces & Flails
  1982 | D:3      | Reached skill level 1 in Stealth
  1982 | D:3      | Reached XP level 6. HP: 19/47 MP: 7/10
  1995 | D:3      | Gained mutation: You are frail. (-10% HP) [hidden defects]
  2059 | D:3      | Lost mutation: You have hidden genetic defects. [potion of
                  | mutation]
  2059 | D:3      | Lost mutation: You are frail. (-10% HP) [potion of
                  | mutation]
  2059 | D:3      | Gained mutation: Your body sometimes deteriorates upon
                  | taking damage. [potion of mutation]
  2059 | D:3      | Gained mutation: You are agile. (Dex +4, Str/Int -1)
                  | [potion of mutation]
  2059 | D:3      | Gained mutation: Your spells are a little harder to cast,
                  | but a little more powerful. [potion of mutation]
  2059 | D:3      | Gained mutation: You have a pair of small antennae on your
                  | head. [potion of mutation]
  2814 | D:4      | Reached skill level 1 in Polearms
  2864 | D:4      | Your scales start taking on an icy white colour.
  2864 | D:4      | Reached XP level 7. HP: 55/55 MP: 11/11
  2864 | D:4      | Gained mutation: Your flesh is cold resistant. (rC+) [White
                  | Draconian growth]
  3015 | D:4      | Found a staircase to the Ecumenical Temple.
  3192 | Temple   | Entered the Ecumenical Temple
  3769 | D:4      | Reached * piety under Hepliaklqana
  3870 | D:5      | Entered Level 5 of the Dungeon
  3972 | D:5      | HP: 3/75 [iguana (8)]
  3989 | D:5      | Reached XP level 8. HP: 15/55 MP: 13/13
  4003 | D:5      | Slain by a water moccasin

Illustrated notes

Levels and vault maps discovered:
D:1:      dpeg_arrival_round_b, layout_loops_ring
D:2:      cheibrodos_pilgrimage, layout_loops_ring,
          hellmonk_ecumenical_altar_run_dry, uniq_jessica
D:3:      layout_basic, old_standard_altar, minmay_misc_feat_ornament,
          skrybe_limestone_x, minmay_between, uniq_robin, uniq_sigmund
D:4:      layout_cave_pools, minmay_temple_entry_trees, grunt_ministairs_3
D:5:      layout_cave_pools, fedhas_bush_and_centaur_altar, serial_column_ruins,
          column_ruins_circle_medium, column_ruins_hut, column_ruins_grid_3,
          column_ruins_corridor_straight, column_ruins_grid_3,
          column_ruins_grid_1, column_ruins_grid_3, st_stairs_5,
          hangedman_abyss_or_decor_passed
Temple:   minmay_temple_bridge_d

Skill      XL: |  1  2  3  4  5  6  7 |
---------------+----------------------+-----
Dodging        | 2 3 4 |  4.1
Short Blades   | 1 2 |  2.0
Transmutations | 3 |  3.6
Maces & Flails | 1 |  1.2
Stealth        | 1 2 |  2.4
Spellcasting   | 3 |  3.6
Polearms       | 1 4 |  4.1
Fighting       | 2 |  2.5
Unarmed Combat | |  3.7
Evocations     | |  0.2

Action                   |  1- 3 |  4- 6 |  7- 9 || total
-------------------------+-------+-------+-------++-------
Melee: Short sword       |    62 |    43 |       ||   105
       Unarmed           |     6 |       |       ||     6
       Kick              |     9 |    17 |     5 ||    31
       Headbutt          |     3 |     7 |       ||    10
       Tailslap          |     3 |    10 |    38 ||    51
       Punch             |     2 |     1 |       ||     3
       Whip              |       |    46 |       ||    46
       Halberd           |       |    49 |   162 ||   211
Throw: Stone             |       |       |     3 ||     3
       Boomerang         |       |       |     2 ||     2
 Cast: Beastly Appendage |    15 |    12 |     3 ||    30
       Wereblood         |       |     2 |       ||     2
Invok: Ancestor Identity |       |       |     1 ||     1
 Abil: Breathe Frost     |       |       |     1 ||     1
Evoke: Wand              |       |     1 |     1 ||     2
  Use: Potion            |       |     6 |     6 ||    12
       Scroll            |       |     9 |     3 ||    12
 Stab: Sleeping          |     1 |     2 |     2 ||     5
Armor: Skin              |    27 |    93 |    56 ||   176
Dodge: Dodged            |    47 |   108 |    75 ||   230

Table legend: (Time is in decaauts)
 A = Elapsed time spent in this place.
 B = Non-inter-level travel time spent in this place.
 C = Inter-level travel time spent in this place.
 D = Time resting spent in this place.
 E = Time spent auto-exploring this place.
 F = Levels seen in this place.
 G = Mean time per level.
                   A        B        C        D        E       F      G
               +--------+--------+--------+--------+--------+-----+--------+
         Total |   4088 |   3621 |    467 |    100 |   2383 |   6 |  681.3 |
       Dungeon |   3709 |   3383 |    326 |    100 |   2170 |   5 |  741.8 |
        Temple |    378 |    237 |    141 |      0 |    213 |   1 |  378.0 |
               +--------+--------+--------+--------+--------+-----+--------+

Top non-repeatable levels by time:
     D:3: 1174 daAuts
     D:2: 865 daAuts
     D:4: 803 daAuts
     D:1: 761 daAuts
  Temple: 378 daAuts
     D:5: 105 daAuts
